 Dungeon Crawl Stone Soup version 0.24-a0-194-g9bee6eb (webtiles) character file.

Game seed: 17528618318074585646

45409 gruber the Markscentaur (level 14, -2/118 HPs)
             Began as a Centaur Hunter on Mar 18, 2019.
             Was the Champion of Okawaru.
             Slain by a black mamba (13 damage)
             ... on level 4 of the Lair of Beasts.
             The game lasted 00:42:32 (22474 turns).

gruber the Markscentaur (Centaur Hunter)           Turns: 22474, Time: 00:42:34

Health: -2/118     AC: 11    Str: 17    XL:     14   Next: 1%
Magic:  16/17      EV: 17    Int: 13    God:    Okawaru [******]
Gold:   1323       SH:  0    Dex: 13    Spells: 13/13 levels left

rFire    . . .     SeeInvis .   Z - +11 broad axe of Xesufesk {freeze, rElec rC+}
rCold    + . .     Gourm    .   (no shield)
rNeg     . . .     Faith    .   R - +0 troll leather armour
rPois    +         Spirit   .   X - +1 hat {Int+3}
rElec    +         Reflect  .   (no cloak)
rCorr    .         Harm     .   Q - +0 pair of gloves
MR       +....                  (no barding)
Stlth    ++........             (no amulet)
HPRegen  0.69/turn              y - +2 ring of protection
MPRegen  0.15/turn              P - ring of poison resistance

@: lethally poisoned (-2 -> -2), heroism, very quick
A: large, hooves 3, deformed body, speed 2, tough skin 3
a: Heroism, Finesse, Renounce Religion


You were on level 4 of the Lair of Beasts.
You worshipped Okawaru.
Okawaru was exalted by your worship.
You were hungry.

You visited 2 branches of the dungeon, and saw 18 of its levels.
You also visited: Bailey.

You collected 1323 gold pieces.

Inventory:

Hand Weapons
 a - a +4 longbow of flaming
 N - a +0 blowgun
 Y - a +5 trident of flaming
 Z - the +11 broad axe of Xesufesk (weapon) {freeze, rElec rC+}
   (You found it on level 1 of the Lair of Beasts)

   It has been specially enchanted to freeze those struck by it, causing extra
   injury to most foes and up to half again as much damage against particularly
   susceptible opponents.
   It can also slow down cold-blooded creatures.
   It protects you from cold.
   It insulates you from electricity.
Missiles
 d - 233 arrows
 U - 14 curare-tipped needles
Armour
 Q - a +0 pair of gloves (worn)
 R - a +0 troll leather armour (worn)
 X - a +1 hat of intelligence (worn)
Jewellery
 g - an uncursed ring of see invisible
 n - an uncursed ring of flight
 y - a +2 ring of protection (left hand)
 H - a +6 ring of intelligence
 P - a ring of poison resistance (right hand)
Wands
 j - a wand of random effects (18)
 t - a wand of iceblast (7)
 v - a wand of flame (27)
 F - a wand of digging (6)
 I - a wand of enslavement (12)
 O - a wand of clouds (4)
 S - a wand of acid (17)
 W - a wand of paralysis (17)
Scrolls
 c - a scroll of fog {unknown}
 e - 3 scrolls of enchant weapon {unknown}
 h - 9 scrolls of remove curse
 l - 5 scrolls of teleportation
 o - 4 scrolls of magic mapping {unknown}
 r - a scroll of holy word {unknown}
 w - 3 scrolls of noise {unknown}
 x - 3 scrolls of immolation {unknown}
 B - 2 scrolls of blinking {unknown}
 C - 3 scrolls of fear {unknown}
 E - a scroll of random uselessness {unknown}
 G - 3 scrolls of vulnerability {unknown}
 J - 2 scrolls of enchant armour {unknown}
 K - 3 scrolls of torment {unknown}
 V - 3 scrolls of identify
Potions
 b - 3 potions of flight
 i - 2 potions of lignification
 k - 2 potions of cancellation
 m - 3 potions of berserk rage
 p - 2 potions of agility
 q - 2 potions of ambrosia
 s - 9 potions of curing
 u - 3 potions of haste
 A - 2 potions of brilliance
 D - 4 potions of magic
 L - 5 potions of heal wounds
 M - 2 potions of might
Comestibles
 f - 22 rations


   Skills:
 - Level 9.5(14.5) Fighting
 - Level 7.9(12.9) Polearms
 * Level 19.2(24.2) Bows
 - Level 7.0(12.0) Armour
 - Level 8.0(13.0) Dodging
 - Level 0.4(5.4) Stealth
 - Level 4.1 Invocations


You had 13 spell levels left.
You didn't know any spells.
Your spell library contained the following spells:

 Spells                   Type           Power        Failure   Level  Hunger
 Beastly Appendage        Tmut           #.....       34%         1    ##.....
 Confusing Touch          Hex            #.....       34%         1    ##.....
 Corona                   Hex            #......      34%         1    ##.....
 Sting                    Conj/Pois      #...         34%         1    ##.....
 Poisonous Vapours        Pois/Air       #.....       47%         2    ###....
 Slow                     Hex            #.......     47%         2    ###....
 Sticks to Snakes         Tmut           #.......     47%         2    ###....
 Confuse                  Hex            #.......     71%         3    ####...
 Gell's Gravitas          Tloc           #.........   71%         3    ####...
 Inner Flame              Hex/Fire       #.......     71%         3    ####...
 Mephitic Cloud           Conj/Pois/Air  #.......     71%         3    ####...
 Portal Projectile        Hex/Tloc       #.....       71%         3    ####...
 Spider Form              Tmut/Pois      #.........   71%         3    ####...
 Cause Fear               Hex            #.........   98%         4    #####..
 Ice Form                 Ice/Tmut       #.......     98%         4    #####..
 Leda's Liquefaction      Hex/Erth       #.........   98%         4    #####..
 Olgreb's Toxic Radiance  Pois           #.......     98%         4    #####..
 Petrify                  Tmut/Erth      #.......     98%         4    #####..
 Blade Hands              Tmut           #.........   100%        5    ######.
 Metabolic Englaciation   Hex/Ice        #.........   100%        5    ######.
 Venom Bolt               Conj/Pois      #.........   100%        5    ######.
 Yara's Violent Unravell  Hex/Tmut       #.........   100%        5    ######.


Dungeon Overview and Level Annotations

Branches:
Dungeon (14/15)            Temple (0/1) D:7            Lair (4/6) D:10
 Shoals (0/4) Lair:3        Snake (0/4) Lair:2          Orc (0/2) D:10
 Vaults (0/5) D:13

Altars:
Elyvilon
Gozag
Hepliaklqana
Kikubaaqudgha
Makhleb
Okawaru
Ru
Sif Muna
Trog
Uskayaw
Vehumet
Wu Jian
Xom
Beogh

Shops:
D:8 (

Annotations:
D:5 3 runed translucent doors, kal9871's ghost, novice DDHu
D:6 3 runed translucent doors, Duffy's ghost, novice GrEE
D:14 Rupert


Innate Abilities, Weirdness & Mutations

You have hooves in place of feet.
Armour fits poorly on your strangely shaped body.
You cover ground very quickly.
You have extremely tough skin. (AC +3)


Message History

You barely miss the black mamba.
The black mamba is lightly wounded.
You feel sick. The black mamba completely misses you.
The black mamba closely misses you.
You slash the black mamba!
The black mamba seems to slow down.
You freeze the black mamba.
The black mamba is moderately wounded.
You feel sick. The black mamba bites you!
* * * LOW HITPOINT WARNING * * *
You completely miss the black mamba.
The black mamba is moderately wounded.
The black mamba is no longer moving slowly.
The black mamba closely misses you.
You slice the black mamba!! You freeze the black mamba.
You kick the black mamba, but do no damage.
The black mamba is almost dead.
You feel sick. The black mamba bites you!
* * * LOW HITPOINT WARNING * * *
The black mamba bites you!
You die...

##..##.#.###....##
#...
#..########....##
##... ##..#
##...### #)...
##)## ##.....#
#P... #...#
#....### ##P(.
##.### ##....# #...
#.####...#####
#.#.##### ####
.........†...#
##### l...###P
##P..#.#.###@#
.S#/.# ######.##
#S############..$#
###
##Fl#....F...#.#.#
#.l.#...l.....l.#..
##......####≈..##F.
#...#...## ##...#..
#...+...≈####...##)
##..#...........P##
P..#...........P#


You could see 2 komodo dragons, a black mamba and a spiny frog.

Vanquished Creatures
  Gastronok (D:12)
  6 hydras
  A centaur warrior (D:13)
  3 two-headed ogres
  The ghost of Hebulueff the Cleaver, a novice MiFi of Trog (Lair:1)
  Sonja (D:11)
  Pikel (D:7)
  An orc knight (Bailey)
  3 necromancers (D:13)
  An elephant (Lair:4)
  3 ugly things (D:12)
  3 manticores
  A centaur zombie (D:12)
  A black mamba (Lair:2)
  A gargoyle (D:11)
  Psyche (D:12)
  5 spiny frogs
  A kobold demonologist (D:11)
  4 komodo dragons
  5 trolls
  Prince Ribbit (D:8)
  3 blink frogs (Lair:4)
  8 slime creatures
  A hornet (D:8)
  9 hippogriffs
  A wraith (D:12)
  Eustachio (D:4)
  A spriggan (D:7)
  3 wyverns
  2 basilisks
  13 yaks
  A hungry ghost (D:13)
  Edmund (D:4)
  7 porcupines
  12 water moccasins
  9 orc warriors
  2 ice beasts
  2 sky beasts
  A black bear (D:9)
  4 necrophages
  A hornet zombie (D:14)
  6 ogres
  3 wolves (Lair:3)
  9 centaurs
  7 crocodiles
  9 big kobolds (D:11)
  14 bullfrogs
  A gnoll sergeant (D:11)
  A wyvern zombie (D:11)
  3 scorpions
  6 killer bees (D:8)
  7 wights
  6 howler monkeys
  3 crimson imps
  7 hounds
  2 bullfrog zombies
  8 orc priests
  5 jellies
  13 orc wizards
  2 bullfrog skeletons
  4 centaur skeletons
  Terence (D:2)
  7 iguanas
  10 worker ants
  A hound zombie (D:9)
  A hound skeleton (D:4)
  15 adders
  21 gnolls
  6 shadow imps
  2 adder skeletons
  3 worms
  2 dart slugs
  3 leopard geckos
  45 orcs
  A ball python (D:1)
  3 giant cockroaches
  9 goblins
  18 hobgoblins
  5 jackals
  4 quokkas
  7 bats
  5 frilled lizards
  A jackal skeleton (D:4)
  41 kobolds
  8 kobold skeletons (D:11)
  10 kobold zombies (D:11)
  6 rats
478 creatures vanquished.

Vanquished Creatures (others)
  An ogre (D:8)
  A centaur (D:8)
  A crimson imp (D:8)
  A bullfrog skeleton (D:7)
  2 iguanas
  An orc (D:8)
  A quokka (D:8)
  5 fungi (D:10)
  7 plants
20 creatures vanquished.

Grand Total: 498 creatures vanquished

Notes
Turn   | Place    | Note
-------+----------+-------------------------------------------
     0 | D:1      | gruber the Centaur Hunter began the quest for the Orb.
     0 | D:1      | Reached XP level 1. HP: 17/17 MP: 1/1
   362 | D:1      | Reached XP level 2. HP: 25/25 MP: 2/2
  1195 | D:2      | Reached XP level 3. HP: 27/31 MP: 3/3
  1299 | D:2      | Noticed Terence
  1337 | D:2      | Killed Terence
  1613 | D:2      | Found a hazy altar of Hepliaklqana.
  1642 | D:2      | Reached XP level 4. HP: 36/41 MP: 4/4
  1875 | D:3      | Found an opulent altar of Gozag.
  2412 | D:4      | Noticed Edmund
  2491 | D:4      | Killed Edmund
  2491 | D:4      | Reached XP level 5. HP: 18/50 MP: 5/5
  3003 | D:4      | Reached XP level 6. HP: 57/57 MP: 6/6
  3006 | D:4      | Noticed Eustachio
  3043 | D:4      | Reached skill level 6 in Bows
  3274 | D:3      | Found a shimmering altar of Xom.
  3326 | D:4      | Killed Eustachio
  3326 | D:4      | Reached skill level 7 in Bows
  3463 | D:5      | Entered Level 5 of the Dungeon
  3574 | D:4      | Reached skill level 8 in Bows
  3585 | D:4      | Reached XP level 7. HP: 63/63 MP: 7/7
  3864 | D:5      | Reached skill level 9 in Bows
  3877 | D:5      | Found a runed translucent gate.
  3878 | D:5      | Found a runed translucent gate.
  3878 | D:5      | Found a runed translucent gate.
  3879 | D:5      | Identified the +4 chain mail "Hellao" {Str+3 Int+2 Dex+5
                  | Stlth-}
  3880 | D:5      | Noticed kal9871's ghost (novice DDHu)
  3880 | D:5      | Found a roughly hewn altar of Beogh.
  4074 | D:5      | Found an ornate altar of the Wu Jian Council.
  4382 | D:5      | Found a burning altar of Makhleb.
  4879 | D:6      | Reached skill level 10 in Bows
  4982 | D:6      | Reached XP level 8. HP: 66/70 MP: 8/8
  4984 | D:6      | Found a hide-covered altar of Uskayaw.
  5156 | D:5      | Reached skill level 11 in Bows
  5746 | D:6      | Found an ancient bone altar of Kikubaaqudgha.
  5751 | D:6      | Found an iron altar of Okawaru.
  5806 | D:6      | Became a worshipper of Warmaster Okawaru
  5855 | D:6      | Reached skill level 12 in Bows
  6425 | D:6      | Found a runed translucent gate.
  6425 | D:6      | Found a runed translucent gate.
  6425 | D:6      | Found a runed translucent gate.
  6427 | D:6      | Noticed Duffy's ghost (novice GrEE)
  6654 | D:7      | Noticed Pikel
  6695 | D:7      | Killed Pikel
  6695 | D:7      | Reached skill level 13 in Bows
  6695 | D:7      | Reached XP level 9. HP: 24/75 MP: 9/9
  7071 | D:7      | Found a staircase to the Ecumenical Temple.
  7251 | D:7      | Reached * piety under Okawaru
  7251 | D:7      | Reached skill level 14 in Bows
  7855 | D:8      | HP: 5/112 [poisoned by a killer bee]
  8176 | D:8      | Reached skill level 15 in Bows
  8280 | D:8      | Found a deep blue altar of Sif Muna.
  8413 | D:8      | Noticed a troll
  8436 | D:8      | Killed a troll
  8436 | D:8      | Reached ** piety under Okawaru
  8509 | D:8      | Reached skill level 16 in Bows
  8796 | D:8      | Found Cobull's Weapon Boutique.
  8808 | D:8      | Found a shimmering altar of Xom.
  9140 | D:9      | Noticed Prince Ribbit
  9159 | D:8      | Killed Prince Ribbit
  9159 | D:8      | Reached XP level 10. HP: 53/86 MP: 10/10
  9241 | D:9      | Reached *** piety under Okawaru
  9335 | D:9      | Found a radiant altar of Vehumet.
  9356 | D:9      | Found a white marble altar of Elyvilon.
  9616 | D:9      | Found a flagged portal.
  9625 | Bailey   | Entered a bailey
  9853 | Bailey   | Reached skill level 1 in Polearms
  9939 | Bailey   | Noticed an orc knight
  9974 | Bailey   | Killed an orc knight
 10192 | D:9      | Received a gift from Okawaru
 10236 | D:9      | Found a bloodstained altar of Trog.
 10653 | D:10     | Entered Level 10 of the Dungeon
 10820 | D:10     | Reached **** piety under Okawaru
 10820 | D:10     | Reached skill level 5 in Polearms
 11362 | D:10     | You fall through a shaft!
 11561 | D:10     | Received a gift from Okawaru
 11777 | D:10     | Noticed a manticore
 11790 | D:10     | Killed a manticore
 11889 | D:10     | Found a staircase to the Orcish Mines.
 11998 | D:10     | Reached XP level 11. HP: 95/95 MP: 11/11
 12026 | D:10     | Reached XP level 12. HP: 97/105 MP: 11/15
 12058 | D:10     | Found a staircase to the Lair.
 12471 | D:11     | Received a gift from Okawaru
 12795 | D:11     | Noticed Sonja
 13449 | D:11     | Killed Sonja
 13449 | D:11     | Reached skill level 5 in Dodging
 14420 | D:11     | Found an ancient bone altar of Kikubaaqudgha.
 14751 | D:12     | Reached ***** piety under Okawaru
 15295 | D:12     | Noticed a two-headed ogre
 15318 | D:12     | Killed a two-headed ogre
 15318 | D:12     | Received a gift from Okawaru
 15354 | D:12     | Noticed Gastronok
 15384 | D:12     | Killed Gastronok
 15384 | D:12     | Received a gift from Okawaru
 16167 | D:12     | Noticed a five-headed hydra
 16262 | D:12     | Killed a five-headed hydra
 16688 | D:12     | Noticed Psyche
 16693 | D:12     | Paralysed by Psyche for 2 turns
 16699 | D:12     | Killed Psyche
 16823 | D:13     | Noticed a centaur warrior
 16861 | D:13     | Noticed a five-headed hydra
 16871 | D:13     | Noticed a two-headed ogre
 16936 | D:13     | Noticed a two-headed ogre
 17134 | D:13     | Killed a centaur warrior
 17134 | D:13     | Reached skill level 5 in Armour
 17134 | D:13     | Reached XP level 13. HP: 74/111 MP: 14/16
 17226 | D:13     | Received a gift from Okawaru
 18146 | D:13     | Found a gate to the Vaults.
 18690 | D:14     | Reached ****** piety under Okawaru
 18764 | D:14     | Found a sacrificial altar of Ru.
 18834 | D:14     | Noticed Rupert
 18972 | D:14     | Received a gift from Okawaru
 19257 | D:14     | Paralysed by Rupert for 6 turns
 19429 | Lair:1   | Entered Level 1 of the Lair of Beasts
 19484 | Lair:1   | Found a runed translucent gate.
 19484 | Lair:1   | Found a runed translucent gate.
 19484 | Lair:1   | Found a runed translucent gate.
 19484 | Lair:1   | Noticed Hebulueff's ghost (novice MiFi)
 19597 | Lair:1   | Reached skill level 17 in Bows
 20533 | Lair:1   | Killed Hebulueff's ghost
 20607 | Lair:1   | Got an iridescent broad axe
 20608 | Lair:1   | Identified the +11 broad axe of Xesufesk {freeze, rElec
                  | rC+} (You found it on level 1 of the Lair of Beasts)
 20744 | Lair:2   | Found a staircase to the Snake Pit.
 20770 | Lair:2   | Reached skill level 18 in Bows
 21505 | Lair:3   | Found a staircase to the Shoals.
 21521 | Lair:3   | Received a gift from Okawaru
 21599 | Lair:3   | Got a brightly glowing arbalest {god gift}
 21600 | Lair:3   | Identified the +4 arbalest of the Vestibule of Hell {venom,
                  | rN+ MR+ Str+3 Dex+2} (Okawaru gifted it to you on level 3
                  | of the Lair of Beasts)
 22279 | Lair:4   | Reached skill level 19 in Bows
 22411 | Lair:4   | Reached XP level 14. HP: 88/118 MP: 17/17
 22474 | Lair:4   | Slain by a black mamba

Levels and vault maps discovered:
D:1:      ncdulo_smallfort, layout_basic
D:2:      layout_loops_cross, old_standard_altar, uniq_terence
D:3:      lemuel_upstairs_altar, layout_rooms, grunt_gozag_statues,
          minmay_misc_feat_room
D:4:      layout_basic, first_ration, uniq_edmund, uniq_eustachio
D:5:      layout_loops_ring, overflow_temple_1_default, marbit_many_paths,
          biasface_ghost_orc_armoury
D:6:      layout_cave_pools, grunt_temple_overflow_open,
          ebering_ghost_rock_garden, minmay_statues_item
D:7:      layout_cave_pools, minmay_temple_entry_gardened_gates, the_bakery,
          uniq_pikel
D:8:      layout_rooms, xom_confusion_cloud, kennysheep_mini_moat, serial_shops,
          kennysheep_little_box, skrybe_limestone_x
D:9:      layout_small_grid, lemuel_round_altar, lemuel_crystal_altar,
          basic_altar, enter_bailey_3, kennysheep_cross_room,
          uniq_prince_ribbit1
D:10:     layout_basic, grunt_lair_entry_orc_guard_hut, orc_0_dummy
D:11:     wander_kiku_kobolds, layout_basic, corexii_corridor_pit, uniq_sonja
D:12:     layout_small_grid, uniq_gastronok, uniq_psyche
D:13:     layout_small_grid, david_vaults_1
D:14:     layout_basic, hangedman_ru_absence, hex_tiny, uniq_rupert
Lair:1:   layout_cave_pods, gammafunk_ghost_hydra_chop,
          infiniplex_staircase_pool_2
Lair:2:   layout_roguey, minmay_snake_entry_six_corridors, minivault_19,
          chequers_serial_rivers_micro_b
Lair:3:   layout_loops_ring, minmay_shoals_entry_beasts,
          chequers_serial_rivers_small_3
Lair:4:   layout_small_grid, chequers_serial_rivers_micro_e,
          hangedman_lair_generics_rect
Bailey:   bailey_axe_2, bailey

Skill      XL: |  1  2  3  4  5  6  7  8  9 10 11 12 13 |
---------------+----------------------------------------+-----
Fighting       | 3 4 6 7 8 9 |  9.5
Bows           | 8 10 13 16 19 | 19.2
Polearms       | 7 |  7.9
Armour         | 2 5 7 |  7.0
Dodging        | 3 8 |  8.0
Invocations    | 4 |  4.1
Stealth        | |  0.4

Action                   |  1- 3 |  4- 6 |  7- 9 | 10-12 | 13-15 || total
-------------------------+-------+-------+-------+-------+-------++-------
Melee: Short sword       |   113 |     7 |       |       |       ||   120
       Kick              |    18 |    16 |    25 |    15 |     6 ||    80
       Spear             |       |    59 |    74 |    17 |       ||   150
       Flail             |       |    34 |    63 |       |       ||    97
       Shortbow          |       |     1 |       |       |       ||     1
       Halberd           |       |       |       |    48 |       ||    48
       Trident           |       |       |       |    15 |    14 ||    29
       Broad axe         |       |       |       |       |    12 ||    12
 Fire: Shortbow          |    16 |    62 |   349 |  1114 |   101 ||  1642
       Longbow           |       |       |       |       |   353 ||   353
Invok: Heroism           |       |       |     3 |     9 |     1 ||    13
Evoke: Wand              |       |       |       |     4 |       ||     4
  Use: Potion            |       |       |     4 |     3 |       ||     7
       Scroll            |       |       |       |    11 |     3 ||    14
  Eat: Chunk             |     1 |     4 |    12 |    15 |    13 ||    45
       Ration            |       |       |     1 |     1 |       ||     2
Armor: Leather armour    |    39 |    60 |    74 |       |       ||   173
       Skin              |       |       |    19 |       |       ||    19
       Robe              |       |       |       |    93 |     1 ||    94
       Troll leather arm |       |       |       |       |    33 ||    33
Dodge: Dodged            |    45 |    50 |    88 |   163 |    72 ||   418

Table legend:
 A = Non-vault XP
 B = Vault XP
 C = Vault XP percentage of total XP
 D = Non-vault monster count
 E = Vault monster count
 F = Vault count percentage of total count
                 A         B        C        D         E       F
            +---------+---------+-------+---------+---------+-------
      Total |   37108 |   16768 |  31.1 |     349 |     129 |  27.0
            +---------+---------+-------+---------+---------+-------
        D:1 |      36 |       0 |   0.0 |      21 |       0 |   0.0
        D:2 |      26 |      36 |  58.1 |      14 |       1 |   6.7
        D:3 |      28 |       0 |   0.0 |      16 |       0 |   0.0
        D:4 |     273 |     369 |  57.5 |      14 |       2 |  12.5
        D:5 |     717 |      42 |   5.5 |      23 |       1 |   4.2
        D:6 |     556 |       0 |   0.0 |      23 |       0 |   0.0
        D:7 |     264 |     878 |  76.9 |       8 |       2 |  20.0
        D:8 |    2278 |     291 |  11.3 |      30 |       1 |   3.2
        D:9 |    1703 |       7 |   0.4 |      22 |       4 |  15.4
       D:10 |    2200 |     661 |  23.1 |      32 |       5 |  13.5
       D:11 |    1776 |    2165 |  54.9 |      18 |      53 |  74.6
       D:12 |    7629 |    2637 |  25.7 |      38 |       2 |   5.0
       D:13 |    5432 |    4265 |  44.0 |      25 |       7 |  21.9
       D:14 |    2525 |       0 |   0.0 |      11 |       0 |   0.0
     Lair:1 |    4264 |    1866 |  30.4 |      21 |       2 |   8.7
     Lair:2 |    1166 |    1429 |  55.1 |       6 |      12 |  66.7
     Lair:3 |    3624 |     738 |  16.9 |      19 |       2 |   9.5
     Lair:4 |    2611 |     532 |  16.9 |       8 |       1 |  11.1
     Bailey |       0 |     852 | 100.0 |       0 |      34 | 100.0
            +---------+---------+-------+---------+---------+-------
